Map: Orbital Shipyard

Players

Manta - Winner!

  • Race: Zerg Zerg
  • League: Silver

Allen

  • Race: Zerg Zerg
  • League: Gold

VOD

Have the link to the VOD?

Description

Time

  • Played on: Feb. 18, 2016, 6:24 p.m.
  • Length: 9:53
Show
View Real Time Build Order
Export as new Build Order

Manta Zerg - Winner!

Build Orders: Pool First 

Get SALT Encoding   

  12  0:10  Drone  
  13  0:18  Extractor  
  12  0:26  Spawning Pool  
  11  0:29  Drone  
  11  0:33  Drone  
  13  0:42  Overlord  
  13  0:49  Drone  
  14  1:13  Zergling x4  
  14  1:14  Zergling x2  
  17  1:24  Metabolic Boost  
  17  1:27  Queen  
  19  1:34  Zergling x2  
  20  1:46  Baneling Nest  
  19  1:47  Zergling x2  
  18  2:10  Zergling x6  
  21  2:25  Zergling x2  
  22  2:33  Baneling x2  
  22  2:36  Overlord  
  20  3:06  Zergling x2  
  20  3:07  Zergling x6  
  23  3:15  Zergling x2  
  23  3:18  Baneling  
  21  3:26  Hatchery  
  19  3:36  Baneling  
  19  3:43  Drone x3  
  17  4:12  Drone x2  
  17  4:13  Drone x2  
  21  4:23  Zergling x2  
  22  4:28  Zergling x4  
  22  4:29  Zergling x2  
  22  4:31  Lair  
  25  4:38  Drone  
  26  4:40  Drone  
  26  4:44  Queen  
  29  4:48  Baneling x2  
  29  4:50  Baneling  
  29  4:55  Drone  
  29  4:59  Extractor  
  29  5:00  Drone x2  
  29  5:05  Drone  
  32  5:10  Overlord  
  32  5:13  Drone  
  33  5:19  Drone x2  
  35  5:31  Drone  
  35  5:32  Drone x3  
  39  5:35  Extractor  
  39  5:37  Extractor  
  37  5:46  Spire  
  36  5:54  Spine Crawler  
  35  5:57  Drone x2  
  35  5:59  Drone  
  35  6:02  Drone  
  39  6:07  Drone  
  40  6:24  Drone x3  
  43  6:29  Drone  
  43  6:31  Overlord  
  44  6:33  Overlord  
  44  6:58  Mutalisk x5  
  54  7:04  Overlord x2  
  54  7:05  Hatchery  
  53  7:08  Overlord  
  53  7:22  Queen  
  51  7:47  Mutalisk x4  
  59  8:04  Queen  
  59  8:12  Mutalisk  
  59  8:15  Zergling x12  
  59  8:16  Zergling x4  
  69  8:38  Hatchery  
  68  8:49  Mutalisk x2  
  68  8:50  Zergling x2, Mutalisk  
Show
View Real Time Build Order
Export as new Build Order

Allen Zerg 

Build Orders: Pool First 

Get SALT Encoding   

  12  0:01  Drone  
  13  0:15  Extractor  
  12  0:26  Spawning Pool  
  12  0:28  Drone  
  12  0:33  Drone  
  13  0:43  Overlord  
  13  0:49  Drone  
  14  1:01  Drone  
  15  1:05  Drone  
  16  1:17  Zergling x2  
  17  1:22  Zergling x2  
  17  1:25  Metabolic Boost  
  18  1:33  Zergling x2  
  19  1:41  Queen  
  19  1:44  Baneling Nest  
  21  1:47  Drone  
  21  2:06  Zergling x2  
  21  2:07  Zergling x2  
  20  2:16  Zergling x2  
  21  2:30  Baneling x2  
  21  2:33  Zergling x2  
  22  2:40  Overlord  
  20  2:54  Zergling x4  
  20  3:03  Zergling x2  
  20  3:04  Zergling x2  
  20  3:05  Queen  
  15  3:23  Baneling  
  15  3:24  Baneling x3  
  13  3:38  Roach Warren  
  13  3:41  Queen  
  13  4:10  Drone  
  13  4:11  Drone  
  13  4:14  Zergling x4  
  13  4:16  Baneling  
  17  4:31  Drone  
  17  4:33  Roach  
  20  4:51  Drone  
  20  4:52  Drone  
  22  4:58  Roach  
  24  5:03  Drone  
  25  5:11  Roach  
  27  5:42  Hatchery  
  26  5:48  Overlord  
  26  5:59  Drone x2  
  26  6:03  Drone  
  29  6:06  Baneling  
  29  6:28  Roach  
  29  6:29  Roach x2  
  35  7:07  Queen  
  37  7:09  Drone x2  
  37  7:13  Roach x2  
  37  7:15  Overlord  
  40  7:49  Roach  
  40  7:50  Roach x5  
  40  8:14  Lair  
  40  8:20  Spore Crawler  
  40  8:23  Spore Crawler  
  32  9:01  Ravager  
Tags
 
Add a new tag
Caveats
  • Supply blocks, unpowered buildings, or Contaminate may cause inaccurate times.
  • Supply counts are checked every 10 seconds.